 Dungeon Crawl Stone Soup version 0.31.0-9-g3a7656b989 (webtiles) character file.

Game seed: 13586287472083588531

5151 qw the Skirmisher (level 10, -5/56 HPs)
             Began as a Deep Elf Hunter on Feb 2, 2024.
             Succumbed to a hornet's poison
             ... on level 7 of the Dungeon.
             The game lasted 00:00:35 (5260 turns).

qw the Skirmisher (Deep Elf Hunter)                 Turns: 5260, Time: 00:00:36

Health: -5/56      AC: 14    Str: 14    XL:     10   Next: 33%
Magic:  12/12      EV: 19    Int: 15    God:
Gold:   6          SH:  5    Dex: 22    Spells: 9/9 levels left

rFire   . . .        q - +0 orcbow
rCold   . . .        (shield currently unavailable)
rNeg    . . .        d - +4 ring mail "Owin" {Slay+2}
rPois   .            n - +2 helmet
rElec   .            (no cloak)
rCorr   .            (no gloves)
SInv    .            (no boots)
Will    +....        e - amulet of reflection
Stlth   ++           i - +6 ring of strength
HPRegen 0.29/turn    (no ring)
MPRegen 0.13/turn

%: reflection
@: lethally poisoned (-5 -> -26), about to teleport
A: no striking features
a: no special abilities


You were on level 7 of the Dungeon.
You visited 2 branches of the dungeon, and saw 8 of its levels.

You collected 383 gold pieces.
You spent 377 gold pieces at shops.


   Skills:
 - Level 3.0 Fighting
 + Level 13.0 Ranged Weapons
 - Level 10.3 Armour
 - Level 11.5 Dodging
 - Level 1.2 Stealth


You had 9 spell levels left.
You didn't know any spells.
Your spell library was empty.

Inventory:

Hand Weapons
 q - a +0 orcbow (weapon)
Armour
 d - the +4 ring mail "Owin" (worn) {Slay+2}
   (You found it on level 2 of the Dungeon)

   Slay+2:    It affects your accuracy & damage with ranged weapons and melee
   (+2).
 n - a +2 helmet (worn)
Jewellery
 a - a ring of magical power
 e - an amulet of reflection (around neck)
 i - a +6 ring of strength (left hand)
Wands
 k - a wand of polymorph (12)
 p - a wand of quicksilver (7)
Scrolls
 b - 2 scrolls of enchant weapon {unknown}
 c - 4 scrolls of teleportation
 g - 2 scrolls of enchant armour
 m - 2 scrolls of identify
Potions
 f - a potion of mutation
 h - 3 potions of curing
 j - 4 potions of heal wounds
 l - a potion of enlightenment
 o - 2 potions of brilliance {unknown}

Dungeon Overview and Level Annotations

Branches:
Dungeon (7/15)             Temple (1/1) D:5

Altars:
Ashenzari
Cheibriados
Elyvilon
Fedhas
Gozag
Kikubaaqudgha
Makhleb
Nemelex Xobeh
Qazlal
Sif Muna
Trog
Uskayaw
Vehumet
Wu Jian
Xom
Yredelemnul
Zin

Shops:
D:3 ?   D:7 ***


Message History

The orc warrior closely misses you.
You shoot an arrow. The arrow hits the orc warrior!
The orc warrior is heavily wounded.
The orc warrior hits you with a +0 flail.
You shoot an arrow. The arrow hits the orc warrior!
The orc warrior is almost dead.
The orc warrior hits you with a +0 flail!
You shoot an arrow. The arrow hits the orc warrior.
You kill the orc warrior!
Your Ranged Weapons skill increases to level 13!
You shoot an arrow. The arrow hits the hornet!
The hornet is moderately wounded.
The hornet stings you.
You are poisoned.
You suddenly lose the ability to move!
You feel very sick.
The hornet stings you but does no damage. x2
You feel sick. The hornet stings you!
You are more poisoned.
You feel yourself slow down.
You feel yourself speed up.
You feel very sick.
The hornet stings you but does no damage.
The hornet stings you.
You shrug off the repeated paralysis!
You can move again.
You shoot an arrow. The arrow hits the hornet!
The hornet is severely wounded.
You feel sick. The hornet barely misses you.
You shoot an arrow. The arrow misses the hornet.
The arrow closely misses the scorpion.
You feel very sick. The hornet stings you!
You are more poisoned.
You feel yourself slow down.
The hornet stings you but does no damage.
5260 ||| READING 5 scrolls of teleportation.
As you read the scroll of teleportation, it crumbles to dust.
You feel strangely unstable.
You feel yourself speed up.
You die...

#.#### ##.## #..<.. #.# #.#
#...## #.# #######.# ##.... #.#
##.)..##'## #.###
#.#####...#)#...## #.#
##.##....#........## #.## #
#...#.%.###........## #..##
#######.#...##!##........####...#
.............#sy@........+..:....
#######...#.##.##.#....<.####...#
# #....####. ####....## #..##
#.#.## .. ##..## #.## #.#.. ##
####..## #.### # #.. ##.#..##
#.... #... #.....############
###. ##............# #
##..##.#.#####.# #


You could see a hornet and a scorpion.

Vanquished Creatures
  4 yaks (D:7)
  2 water moccasins (D:6)
  2 orc warriors (D:7)
  A black bear (D:4)
  2 ice beasts
  6 ogres
  A centaur (D:7)
  2 bullfrogs
  3 scorpions
  A howler monkey (D:6)
  4 hounds
  3 bombardier beetles
  A jelly (D:6)
  3 orc priests (D:6)
  2 gnoll boudas
  2 sleepcaps
  Natasha (thrice) (D:2)
  Terence (D:2)
  5 iguanas
  2 orc wizards
  7 adders
  8 gnolls
  A white imp (D:7)
  A ribbon worm (D:3)
  3 dart slugs
  19 orcs
  2 bats
  5 endoplasms
  3 giant cockroaches
  8 goblins
  11 hobgoblins
  3 quokkas
  4 ball pythons
  3 frilled lizards
  7 kobolds
  5 rats
140 creatures vanquished.

Notes
Turn   | Place    | Note
-------+----------+-------------------------------------------
     0 | D:1      | qw the Deep Elf Hunter began the quest for the Orb.
     0 | D:1      | Reached XP level 1. HP: 12/12 MP: 3/3
     0 | D:1      | 0 ||| qw: Version: 0.3-a-155-g5e7d8dd
     0 | D:1      | 0 ||| qw: Game counter: 2337
     0 | D:1      | 0 ||| qw: Melee chars always use a shield: true
     0 | D:1      | 0 ||| qw: God list: Okawaru
     0 | D:1      | 0 ||| qw: Allow faded altars: false
     0 | D:1      | 0 ||| qw: Do Orc after clearing Dungeon:15 true
     0 | D:1      | 0 ||| qw: Do second Lair branch before Depths: true
     0 | D:1      | 0 ||| qw: Lair rune preference: random
     0 | D:1      | 0 ||| qw: Goals: Normal
     0 | D:1      | 0 ||| PLANNING D:1-11
   131 | D:1      | Reached XP level 2. HP: 16/16 MP: 4/4
   139 | D:1      | Reached skill level 6 in Ranged Weapons
   143 | D:1      | Found a faded altar of an unknown god.
   536 | D:1      | 536 ||| UPGRADING to +0 ring mail.
   546 | D:1      | 546 ||| DROPPING +0 leather armour.
   547 | D:1      | 547 ||| UPGRADING to +6 ring of strength.
   548 | D:1      | 548 ||| READING scroll labelled SAXTET FIMUWIT.
   577 | D:1      | 577 ||| READING scroll labelled YVUGGY CAMERHY.
   578 | D:1      | 578 ||| READING scroll labelled GIOWKY ETSEN.
   578 | D:1      | 578 ||| IDENTIFYING ruby potion
   579 | D:1      | 579 ||| READING scroll labelled TAOWKA ERCHO.
   583 | D:1      | 583 ||| READING scroll labelled GYESHR LIFFUNK.
   583 | D:1      | 583 ||| BRANDING +0 shortbow.
   584 | D:1      | 584 ||| READING scroll labelled ZIT ZECWUCE.
   585 | D:1      | 585 ||| DRINKING 2 viscous clear potions.
   689 | D:1      | 689 ||| DROPPING scroll of butterflies.
   690 | D:1      | 690 ||| DROPPING potion of berserk rage.
   701 | D:2      | Reached XP level 3. HP: 20/20 MP: 5/5
   752 | D:2      | Noticed Terence
   757 | D:2      | Killed Terence
   758 | D:2      | Reached skill level 7 in Ranged Weapons
   804 | D:2      | Noticed Natasha
   809 | D:2      | 809 ||| FLEEEEING.
   812 | D:2      | 812 ||| FLEEEEING.
   814 | D:2      | Killed Natasha
   815 | D:2      | Reached XP level 4. HP: 17/25 MP: 6/6
   844 | D:2      | Noticed Natasha
   845 | D:2      | Killed Natasha
   846 | D:2      | Reached skill level 8 in Ranged Weapons
   907 | D:2      | Identified the +4 ring mail "Owin" {Slay+2}
  1133 | D:2      | Noticed Natasha
  1139 | D:2      | Killed Natasha
  1140 | D:2      | Reached XP level 5. HP: 29/29 MP: 7/7
  1152 | D:2      | 1152 ||| UPGRADING to +4 ring mail "Owin" {Slay+2}.
  1162 | D:2      | 1162 ||| DROPPING +0 ring mail.
  1163 | D:2      | 1163 ||| UPGRADING to amulet of reflection.
  1168 | D:2      | 1168 ||| READING scroll of identify.
  1168 | D:2      | 1168 ||| IDENTIFYING golden potion
  1169 | D:2      | 1169 ||| READING scroll labelled VOSERIJ GEIHO.
  1170 | D:2      | 1170 ||| READING scroll labelled BUQANTI SOITOR.
  1171 | D:2      | 1171 ||| DRINKING 2 bubbling purple potions.
  1172 | D:2      | 1172 ||| DROPPING potion of lignification.
  1219 | D:3      | Found a basalt altar of Yredelemnul.
  1219 | D:3      | Found a shimmering blue altar of Sif Muna.
  1221 | D:3      | Found a broken altar of Ashenzari.
  1221 | D:3      | Found a glowing silver altar of Zin.
  1223 | D:3      | Found a bloodstained altar of Trog.
  1223 | D:3      | Found an opulent altar of Gozag.
  1224 | D:3      | Found a hide-covered altar of Uskayaw.
  1506 | D:3      | Found Ackok's Magic Scroll Shop.
  1514 | D:3      | 1514 ||| BUYING scroll of enchant armour (97 gold).
  1514 | D:3      | Bought a scroll of enchant armour for 97 gold pieces
  1514 | D:3      | 1514 ||| SHOPLISTING scroll of enchant weapon (97 gold,
                  | have 56).
  1514 | D:3      | 1514 ||| BUYING scroll of identify (26 gold).
  1514 | D:3      | Bought a scroll of identify for 26 gold pieces
  1514 | D:3      | 1514 ||| SHOPLISTING scroll of teleportation (39 gold, have
                  | 30).
  1675 | D:3      | Reached skill level 9 in Ranged Weapons
  1823 | D:3      | 1823 ||| READING 2 scrolls of identify.
  1823 | D:3      | 1823 ||| IDENTIFYING fuming emerald potion
  1824 | D:3      | 1824 ||| READING scroll of identify.
  1824 | D:3      | 1824 ||| IDENTIFYING viscous yellow potion
  1825 | D:3      | 1825 ||| DRINKING 2 smoky inky potions.
  1826 | D:3      | 1826 ||| DROPPING potion of attraction.
  1827 | D:3      | 1827 ||| DROPPING potion of invisibility.
  1853 | D:4      | Reached skill level 3 in Dodging
  2129 | D:4      | Found a sparkling altar of Nemelex Xobeh.
  2189 | D:4      | Noticed an ogre
  2193 | D:4      | Killed an ogre
  2194 | D:4      | Reached XP level 6. HP: 36/36 MP: 8/8
  2266 | D:4      | Reached skill level 10 in Ranged Weapons
  2406 | D:4      | Reached XP level 7. HP: 40/40 MP: 9/9
  2551 | D:4      | Reached skill level 11 in Ranged Weapons
  2696 | D:4      | 2696 ||| UPGRADING to +2 helmet.
  2701 | D:4      | 2701 ||| READING scroll of identify.
  2701 | D:4      | 2701 ||| IDENTIFYING sedimented amethyst potion
  2702 | D:4      | 2702 ||| READING scroll labelled XIEDEARYU WIAQ.
  2703 | D:4      | 2703 ||| DRINKING 2 grey potions.
  2703 | D:4      | Reached XP level 8. HP: 45/45 MP: 10/10
  2704 | D:4      | 2704 ||| DRINKING potion of experience.
  2704 | D:4      | Reached XP level 9. HP: 49/49 MP: 11/11
  2705 | D:4      | 2705 ||| DROPPING wand of flame (16).
  2706 | D:4      | 2706 ||| DROPPING potion of magic.
  2708 | D:4      | 2708 ||| Stepping ~*~*~tactically~*~*~ (cloud).
  2857 | D:5      | Entered Level 5 of the Dungeon
  2912 | D:5      | Identified the +3 hand axe of Wondrous Power {venom, Will+}
  3009 | D:5      | Found a staircase to the Ecumenical Temple.
  3010 | D:5      | 3010 ||| PLANNING TEMPLE
  3010 | D:5      | 3010 ||| READING scroll labelled DOCLOIGOLA.
  3019 | Temple   | Entered the Ecumenical Temple
  3020 | Temple   | 3020 ||| PLANNING D:1-11
  3339 | D:5      | Found the +4 robe of Augmentation {Str+4 Int+4 Dex+4}
  3459 | D:5      | 3459 ||| DROPPING amulet of the acrobat.
  3460 | D:5      | 3460 ||| READING scroll of identify.
  3460 | D:5      | 3460 ||| IDENTIFYING emerald potion
  3461 | D:5      | 3461 ||| DROPPING potion of degeneration.
  3588 | D:6      | 3588 ||| FLEEEEING.
  3589 | D:6      | 3589 ||| FLEEEEING.
  3590 | D:6      | 3590 ||| FLEEEEING.
  3591 | D:6      | 3591 ||| FLEEEEING.
  3592 | D:6      | 3592 ||| FLEEEEING.
  3593 | D:6      | 3593 ||| FLEEEEING.
  3594 | D:6      | 3594 ||| FLEEEEING.
  3595 | D:6      | 3595 ||| FLEEEEING.
  3596 | D:6      | 3596 ||| FLEEEEING.
  3598 | D:6      | 3598 ||| FLEEEEING.
  3599 | D:6      | 3599 ||| FLEEEEING.
  3600 | D:6      | 3600 ||| FLEEEEING.
  3601 | D:6      | 3601 ||| FLEEEEING.
  3602 | D:6      | 3602 ||| FLEEEEING.
  3603 | D:6      | 3603 ||| FLEEEEING.
  3604 | D:6      | 3604 ||| FLEEEEING.
  3605 | D:6      | 3605 ||| FLEEEEING.
  3606 | D:6      | 3606 ||| FLEEEEING.
  3607 | D:6      | 3607 ||| FLEEEEING.
  3608 | D:6      | 3608 ||| FLEEEEING.
  3609 | D:6      | 3609 ||| FLEEEEING.
  3610 | D:6      | 3610 ||| FLEEEEING.
  3611 | D:6      | 3611 ||| FLEEEEING.
  3615 | D:6      | 3615 ||| STAIRDANCE
  3898 | D:6      | Reached skill level 12 in Ranged Weapons
  4183 | D:6      | Reached XP level 10. HP: 55/55 MP: 12/12
  4312 | D:6      | Reached skill level 3 in Fighting
  4550 | D:6      | 4550 ||| READING scroll of identify.
  4550 | D:6      | 4550 ||| IDENTIFYING green potion
  4659 | D:7      | 4659 ||| RETREEEEATING.
  4731 | D:7      | Found Wusepp's General Store.
  4740 | D:7      | 4740 ||| SHOPLISTING amulet of Zihu {Faith ^Drain Regen+
                  | Str+2 Dex+4} (594 gold, have 211).
  4740 | D:7      | 4740 ||| BUYING scroll of identify (22 gold).
  4740 | D:7      | Bought a scroll of identify for 22 gold pieces
  4740 | D:7      | 4740 ||| BUYING scroll of teleportation (33 gold).
  4740 | D:7      | Bought a scroll of teleportation for 33 gold pieces
  4740 | D:7      | 4740 ||| BUYING scroll of teleportation (33 gold).
  4740 | D:7      | Bought a scroll of teleportation for 33 gold pieces
  4798 | D:7      | Found a blossoming altar of Fedhas.
  4829 | D:7      | 4829 ||| SWAPPING to +0 orcbow.
  4830 | D:7      | 4830 ||| DROPPING +0 shortbow of electrocution.
  4914 | D:7      | Found Renkygot's General Store.
  5019 | D:7      | 5019 ||| FLEEEEING.
  5025 | D:7      | 5025 ||| FLEEEEING.
  5026 | D:7      | 5026 ||| FLEEEEING.
  5027 | D:7      | 5027 ||| FLEEEEING.
  5028 | D:7      | 5028 ||| FLEEEEING.
  5029 | D:7      | 5029 ||| FLEEEEING.
  5030 | D:7      | 5030 ||| FLEEEEING.
  5074 | D:7      | 5074 ||| BUYING potion of curing (42 gold).
  5074 | D:7      | Bought a potion of curing for 42 gold pieces
  5074 | D:7      | 5074 ||| BUYING scroll of identify (28 gold).
  5074 | D:7      | Bought a scroll of identify for 28 gold pieces
  5074 | D:7      | 5074 ||| SHOPLISTING wand of charming (6) (201 gold, have
                  | 102).
  5074 | D:7      | 5074 ||| SHOPLISTING wand of iceblast (14) (470 gold, have
                  | 102).
  5213 | D:7      | Found Cyduc's Assorted Antiques.
  5223 | D:7      | 5223 ||| SHOPLISTING 2 potions of heal wounds (320 gold,
                  | have 102).
  5223 | D:7      | 5223 ||| BUYING potion of curing (96 gold).
  5223 | D:7      | Bought a potion of curing for 96 gold pieces
  5223 | D:7      | 5223 ||| SHOPLISTING scroll labelled KAPEFA ADUOWAO (32
                  | gold, have 6).
  5223 | D:7      | 5223 ||| SHOPLISTING shiny ring mail (224 gold, have 6).
  5254 | D:7      | Reached skill level 13 in Ranged Weapons
  5254 | D:7      | Paralysed by a hornet for 3 turns
  5259 | D:7      | HP: 14/56 [poisoned by a hornet]
  5259 | D:7      | HP: 2/56 [hornet (12)]
  5260 | D:7      | 5260 ||| READING 5 scrolls of teleportation.
  5260 | D:7      | Succumbed to a hornet's poison

Levels and vault maps discovered:
D:1:      dpeg_arrival_tiny_j, layout_basic,
          dreamdust_ecumenical_altar_sealed_demon
D:2:      layout_rooms, minmay_misc_feat_five, uniq_terence, uniq_natasha
D:3:      layout_basic, grunt_temple_overflow_open, serial_shops, shop
D:4:      layout_basic, nemelex_altar_shiori
D:5:      layout_gridville, minmay_temple_entry_butterflies
D:6:      layout_layer_cave
D:7:      layout_loops_corners, fedhas_altar_3, serial_shops,
          nicolae_shop_stone, shop_fountains, shop, kennysheep_mini,
          nicolae_shop_waterfront, kennysheep_flooded_box,
          minmay_fractal_squares_gapless_5
Temple:   hellmonk_temple_flake

Skill      XL: |  1  2  3  4  5  6  7  8  9 10 |
---------------+-------------------------------+-----
Ranged Weapons | 6 7 8 9 10 11 12 13 | 13.0
Dodging        | 3 11 | 11.5
Fighting       | 2 3 |  3.0
Armour         | 10 | 10.3
Stealth        | |  1.2

Action                     |  1- 3 |  4- 6 |  7- 9 | 10-12 || total
---------------------------+-------+-------+-------+-------++-------
   Fire: Shortbow          |    56 |   128 |   134 |    51 ||   369
         Orcbow            |       |       |       |    78 ||    78
    Use: Scroll            |     6 |     5 |     4 |     2 ||    17
         Potion            |     1 |     2 |     2 |       ||     5
 Armour: Leather armour    |     2 |       |       |       ||     2
         Ring mail         |     5 |    13 |     9 |    42 ||    69
  Dodge: Dodged            |     3 |    18 |    11 |    73 ||   105
  Block: Other             |       |     2 |     7 |    19 ||    28
         Reflection        |       |       |     1 |     2 ||     3

Table legend:
 A = Non-vault XP
 B = Vault XP
 C = Vault XP percentage of total XP
 D = Non-vault monster count
 E = Vault monster count
 F = Vault count percentage of total count
                 A         B        C        D         E       F
            +---------+---------+-------+---------+---------+-------
      Total |    4259 |     201 |   4.5 |     137 |       3 |   2.1
            +---------+---------+-------+---------+---------+-------
        D:1 |      31 |       0 |   0.0 |      20 |       0 |   0.0
        D:2 |     116 |      72 |  38.3 |      19 |       2 |   9.5
        D:3 |      61 |       0 |   0.0 |      16 |       0 |   0.0
        D:4 |     737 |       0 |   0.0 |      24 |       0 |   0.0
        D:5 |     888 |       0 |   0.0 |      19 |       0 |   0.0
        D:6 |     918 |       0 |   0.0 |      16 |       0 |   0.0
        D:7 |    1508 |     129 |   7.9 |      23 |       1 |   4.2
            +---------+---------+-------+---------+---------+-------
